 Dungeon Crawl Stone Soup version 0.31.0-11-ge490571c62 (webtiles) character file.

Game seed: 253934348135694100

58 qw the Shooter (level 3, -6/18 HPs)
             Began as a Spriggan Hunter on Feb 3, 2024.
             Mangled by Terence
             ... wielding a +0 flail
              (10 damage)
             ... on level 2 of the Dungeon.
             The game lasted 00:00:03 (876 turns).

qw the Shooter (Spriggan Hunter)                     Turns: 876, Time: 00:00:03

Health: -6/18      AC:  2    Str:  7    XL:     3   Next: 76%
Magic:  4/4        EV: 19    Int: 10    God:
Gold:   86         SH:  0    Dex: 20    Spells: 2/2 levels left

rFire   . . .        a - +0 shortbow
rCold   . . .        (shield currently unavailable)
rNeg    . . .        c - +0 robe
rPois   .            (helmet restricted)
rElec   .            (no cloak)
rCorr   .            (gloves unavailable)
SInv    +            (boots unavailable)
Will    .....        (no amulet)
Stlth   ++           (no ring)
HPRegen 0.23/turn    (no ring)
MPRegen 0.09/turn

%: no passive effects
@: very quick
A: very small, no large weapons, unfitting armour, see invisible, speed 3
a: no special abilities


You were on level 2 of the Dungeon.
You visited 1 branch of the dungeon, and saw 2 of its levels.

You collected 86 gold pieces.


Innate Abilities, Weirdness & Mutations

You are very small and have problems with some larger weapons.
You are too small for most types of armour.
You have supernaturally acute eyesight. (SInv)
You cover ground extremely quickly. (Speed+++)


   Skills:
 - Level 1.5 Fighting
 - Level 5.0 Ranged Weapons
 + Level 4.0 Dodging
 - Level 1.5 Stealth


You had 2 spell levels left.
You didn't know any spells.
Your spell library was empty.

Inventory:

Hand Weapons
 a - a +0 shortbow (weapon)
Armour
 c - a +0 robe (worn)
Jewellery
 d - a ring of resist corrosion
 f - an amulet of magic regeneration
Potions
 b - 2 potions of heal wounds {unknown}
 e - 2 potions of berserk rage {unknown}

Dungeon Overview and Level Annotations

Branches:
Dungeon (2/15)

Altars:

Shops:
D:1 [

Annotations:
D:2 Terence


Message History

The arrow hits Terence but does no damage.
Terence is moderately wounded.
Terence misses you.
You shoot an arrow. The arrow barely misses Terence.
Terence hits you with a +0 flail. The hobgoblin misses you.
Terence completely misses you.
You shoot an arrow.
The arrow hits Terence but does no damage.
Terence is moderately wounded.
Terence misses you. The hobgoblin barely misses you.
You shoot an arrow.
The arrow hits Terence but does no damage.
Terence is moderately wounded.
Terence closely misses you. The hobgoblin hits you.
You shoot an arrow. The arrow barely misses Terence.
Terence completely misses you. The hobgoblin misses you.
You shoot an arrow. The arrow completely misses Terence.
Terence hits you with a +0 flail. The hobgoblin misses you.
You shoot an arrow. The arrow barely misses Terence.
Terence completely misses you. The hobgoblin barely misses you.
You shoot an arrow.
The arrow hits Terence but does no damage.
Terence is moderately wounded.
Terence completely misses you. The hobgoblin completely misses you.
You shoot an arrow. The arrow hits Terence!
Terence is severely wounded.
Terence closely misses you. The hobgoblin completely misses you.
Terence says, "Time to say good-bye..."
Terence misses you. The hobgoblin barely misses you.
You shoot an arrow.
The arrow hits Terence but does no damage.
Terence is severely wounded.
Terence hits you with a +0 flail. The hobgoblin misses you.
You shoot an arrow.
The arrow hits Terence but does no damage.
Terence is severely wounded.
Terence hits you with a +0 flail!
Ouch! That really hurt!
You die...
Terence says, "That felt goooood."

#### ####.....
#....####
#.####
########.#
##........# .
##..########
... #..##
.....##.##
......%@@#
.....###g......
.... #######
... ##


You could see Terence and a hobgoblin.

Vanquished Creatures
  An adder (D:2)
  2 dart slugs
  5 endoplasms
  2 giant cockroaches (D:1)
  3 goblins
  A hobgoblin (D:2)
  4 jackals (D:1)
  A quokka (D:1)
  7 ball pythons
  4 bats
  A frilled lizard (D:1)
  8 kobolds
  4 rats
43 creatures vanquished.

Notes
Turn   | Place    | Note
-------+----------+-------------------------------------------
     0 | D:1      | qw the Spriggan Hunter began the quest for the Orb.
     0 | D:1      | Reached XP level 1. HP: 10/10 MP: 2/2
     0 | D:1      | 0 ||| qw: Version: 0.3-a-158-g18b3111
     0 | D:1      | 0 ||| qw: Game counter: 4252
     0 | D:1      | 0 ||| qw: Melee chars always use a shield: true
     0 | D:1      | 0 ||| qw: God list: Okawaru
     0 | D:1      | 0 ||| qw: Allow faded altars: false
     0 | D:1      | 0 ||| qw: Do Orc after clearing Dungeon:15 true
     0 | D:1      | 0 ||| qw: Do second Lair branch before Depths: true
     0 | D:1      | 0 ||| qw: Lair rune preference: random
     0 | D:1      | 0 ||| qw: Goals: Normal
     0 | D:1      | 0 ||| PLANNING D:1-11
    35 | D:1      | Reached skill level 3 in Dodging
    59 | D:1      | Reached XP level 2. HP: 13/14 MP: 3/3
   100 | D:1      | 100 ||| RETREEEEATING.
   262 | D:1      | Reached XP level 3. HP: 18/18 MP: 4/4
   304 | D:1      | Found Copaizu's Armour Emporium.
   315 | D:1      | 315 ||| SHOPLISTING +2 hat of willpower (210 gold, have
                  | 27).
   501 | D:1      | 501 ||| READING scroll labelled KEL SAMILAIR.
   502 | D:1      | 502 ||| READING scroll labelled DUMEYDGH HILAO.
   503 | D:1      | 503 ||| READING scroll labelled JETAWAP DAULOA.
   504 | D:1      | 504 ||| DROPPING scroll of butterflies.
   852 | D:2      | Reached skill level 5 in Ranged Weapons
   859 | D:2      | Noticed Terence
   875 | D:2      | HP: 4/18 [Terence/+0 flail (3)]
   876 | D:2      | Mangled by Terence

Levels and vault maps discovered:
D:1:      dpeg_arrival_rooms_b, layout_rooms, serial_shops, shop
D:2:      layout_rooms, uniq_terence

Skill      XL: |  1  2  3 |
---------------+----------+-----
Dodging        | 3 4 |  4.0
Ranged Weapons | 5 |  5.0
Fighting       | |  1.5
Stealth        | |  1.5

Action                     || total
---------------------------++-------
   Fire: Shortbow          ||   105
    Use: Scroll            ||     3
 Armour: Robe              ||    10
  Dodge: Dodged            ||    48

Table legend:
 A = Non-vault XP
 B = Vault XP
 C = Vault XP percentage of total XP
 D = Non-vault monster count
 E = Vault monster count
 F = Vault count percentage of total count
                 A         B        C        D         E       F
            +---------+---------+-------+---------+---------+-------
      Total |      84 |       0 |   0.0 |      43 |       0 |   0.0
            +---------+---------+-------+---------+---------+-------
        D:1 |      53 |       0 |   0.0 |      32 |       0 |   0.0
        D:2 |      31 |       0 |   0.0 |      11 |       0 |   0.0
            +---------+---------+-------+---------+---------+-------
